 Dungeon Crawl Stone Soup version 0.31-a0-841-g038b102fc3 (webtiles) character file.

Game seed: 8170522392796681850

16475 Dirtsage the Severer (level 12, -9/121 HPs)
             Began as a Demonspawn Berserker on Sept 28, 2023.
             Was a High Priest of Trog.
             Mangled by a skeletal warrior
             ... wielding a +0 dire flail
              (17 damage)
             ... on level 12 of the Dungeon.
             The game lasted 00:20:27 (11585 turns).

Dirtsage the Severer (Demonspawn Berserker)        Turns: 11585, Time: 00:20:27

Health: -9/121     AC: 11    Str: 22    XL:     12   Next: 10%
Magic:  21/21      EV: 11    Int:  5    God:    Trog [*****.]
Gold:   345        SH:  5    Dex: 12    Spells: 11/11 levels left

rFire   . . .        L - +0 war axe
rCold   + . .        (no shield)
rNeg    . . .        E - +0 troll leather armour {Pargi}
rPois   .            (helmet restricted)
rElec   +            D - +2 cloak of the Bells {Drain rElec Will+++ Int-5}
rCorr   .            (no gloves)
SInv    .            J - +0 pair of boots
Will    +++..        b - amulet of reflection Stlth
                     c - ring of magical power
HPRegen 1.20/turn    (no ring)
MPRegen 0.17/turn

%: reflection
@: berserking, very quick
A: horns 2, icy blue scales 3, spiny 2
a: Renounce Religion, Berserk, Trog's Hand, Brothers in Arms


You were on level 12 of the Dungeon.
You worshipped Trog.
Trog was extremely pleased with you.
You visited 2 branches of the dungeon, and saw 13 of its levels.
You also visited: Sewer and Ossuary.

You collected 592 gold pieces.
You spent 247 gold pieces at shops.

Inventory:

Hand Weapons
 e - a +1 hand axe
 L - a +0 war axe (weapon)
Missiles
 a - 3 curare-tipped darts
 q - 2 throwing nets
Armour
 A - the +2 robe of the Forest {-Tele rPois SInv Archmagi}
   (You found it on level 5 of the Dungeon)

   rPois:     It protects you from poison SInv: It lets you see invisible.
   -Tele:     It prevents most forms of teleportation.
   Archmagi:  It increases the power of your magical spells.
 D - the +2 cloak of the Bells (worn) {Drain rElec Will+++ Int-5}
   (You bought it in a shop on level 6 of the Dungeon)

   Int-5:     It affects your intelligence (-5).
   rElec:     It insulates you from electricity.
   Will+++:   It greatly increases your willpower.
   Drain:     It drains your maximum health when unequipped.
 E - a +0 troll leather armour (worn) {Pargi}
 J - a +0 pair of boots (worn)
Jewellery
 b - an amulet of reflection (around neck)
 c - a ring of magical power (left hand)
 I - an amulet of guardian spirit
 K - a ring of ice
Wands
 o - a wand of charming (7)
 y - a wand of mindburst (37)
 C - a wand of flame (27)
Scrolls
 f - 3 scrolls of vulnerability {unknown}
 g - 3 scrolls of fear {unknown}
 h - 4 scrolls of revelation
 i - 3 scrolls of identify
 j - 4 scrolls of amnesia
 k - 2 scrolls of enchant weapon {unknown}
 r - 4 scrolls of poison
 t - 3 scrolls of teleportation
 u - a scroll of acquirement {unknown}
 v - 5 scrolls of immolation {unknown}
 w - 2 scrolls of enchant armour {unknown}
 B - 4 scrolls of blinking
 G - 2 scrolls of butterflies {unknown}
Potions
 d - 8 potions of curing {unknown}
 l - 3 potions of heal wounds
 m - 3 potions of enlightenment
 n - 3 potions of resistance
 p - 2 potions of attraction {unknown}
 s - 2 potions of might {unknown}
 x - 2 potions of invisibility
 z - a potion of cancellation {unknown}
 F - 2 potions of mutation
 H - 2 potions of brilliance {unknown}
 M - a potion of haste {unknown}
 N - a potion of lignification {unknown}


   Skills:
 + Level 3.0 Fighting
 - Level 18.0 Axes
 + Level 1.8 Armour
 + Level 1.8 Dodging
 * Level 0.4 Shields


You had 11 spell levels left.
You didn't know any spells.
Your spell library contained the following spells:

 Spells                   Type           Power      Damage    Failure   Level
 Apportation              Tloc           0%         N/A       52%         1
 Necrotise                Necr           0%         1d4       52%         1
 Sandblast                Erth           0%         2d4       52%         1
 Summon Small Mammal      Summ           0%         N/A       52%         1
 Cigotuvi's Dreadful Rot  Necr/Pois/Air  0%         N/A       67%         2
 Passwall                 Tmut/Erth      0%         N/A       67%         2
 Wereblood                Tmut           0%         N/A       67%         2
 Stone Arrow              Conj/Erth      0%         3d7       88%         3
 Brom's Barrelling Bould  Conj/Erth      0%         2d3       99%         4
 Dispel Undead            Necr           0%         3d6       99%         4
 Irradiate                Conj/Tmut      0%         3d11      100%        5
 Death Channel            Necr           0%         N/A       100%        6


Dungeon Overview and Level Annotations

Branches:
Dungeon (12/15)            Temple (1/1) D:6            Lair (0/5) D:11
  Sewer (visited)         Ossuary (visited)
    Orc: D:9-12

Altars:
Ashenzari
Cheibriados
Dithmenos
Fedhas
Gozag
Hepliaklqana
Kikubaaqudgha
Makhleb
Nemelex Xobeh
Okawaru
Qazlal
Ru
Sif Muna
Trog
Uskayaw
Vehumet
Wu Jian
Xom
Yredelemnul

Shops:
D:1 ?   D:6 [


Innate Abilities, Weirdness & Mutations

You have a pair of horns on your head.
You are completely covered in icy blue scales. (AC +4, rC+)
You are mostly covered in sharp spines.


Message History

The skeletal warrior hits you with a +0 dire flail!!
The skeletal warrior hits you with a +0 short sword!
You take 25 damage, and have 41/121 hp.
MASSIVE DAMAGE!!
You slash the skeletal warrior!
Your headbutt misses the skeletal warrior.
The skeletal warrior is heavily damaged.
You hit the skeletal warrior. x2
You hit the skeletal warrior.
The skeletal warrior is severely damaged.
You barely miss the skeletal warrior. You closely miss the skeletal warrior.
The skeletal warrior hits you but does no damage.
The skeletal warrior is struck by your spines.
The skeletal warrior barely misses you.
The skeletal warrior hits you with a +0 dire flail.
You take 1 damage, and have 41/121 hp.
You closely miss the skeletal warrior.
The skeletal warrior is moderately damaged.
You hit the skeletal warrior but do no damage. x2
You closely miss the skeletal warrior.
The skeletal warrior is moderately damaged.
You slash the skeletal warrior! You hit the skeletal warrior.
The skeletal warrior hits you with a +0 short sword!
* * * LOW HITPOINT WARNING * * *
The skeletal warrior hits you with a +0 short sword!
* * * LOW HITPOINT WARNING * * *
The skeletal warrior barely misses you.
You take 29 damage, and have 13/121 hp.
MASSIVE DAMAGE!!
You hit the skeletal warrior but do no damage.
The skeletal warrior is moderately damaged.
You barely miss the skeletal warrior. You hit the skeletal warrior.
You slash the skeletal warrior!
You headbutt the skeletal warrior, but do no damage.
The skeletal warrior is almost destroyed.
You barely miss the skeletal warrior. x2
The skeletal warrior hits you with a +0 short sword.
* * * LOW HITPOINT WARNING * * *
The skeletal warrior hits you with a +0 short sword.
* * * LOW HITPOINT WARNING * * *
The skeletal warrior hits you with a +0 dire flail!
You die...

..........####..#
................#
................#
##########......###
#........#
#........#
#........##
#.........#
#......@z.#
#$.....zz.# ##
#.........# ...
...........# ###
...........#
...........#
..........#
..........#


You could see 3 skeletal warriors.

Vanquished Creatures
  Harold (D:10)
  2 centaur warriors (D:12)
  A boulder beetle (D:12)
  2 two-headed ogres (D:11)
  A skeletal warrior (D:12)
  2 ugly things (D:12)
  A cyclops (D:12)
  Maurice (D:10)
  3 unseen horrors (D:11)
  A rime drake (D:11)
  A komodo dragon (D:12)
  A hornet (D:11)
  4 trolls
  Grinder (D:4)
  Prince Ribbit (D:5)
  Sigmund (D:2)
  Eustachio (D:4)
  A wyvern (D:9)
  15 yaks
  A vampire mosquito (D:12)
  2 steam dragons (D:9)
  3 water moccasins
  An acid dragon (D:11)
  Pargi (Sewer)
  10 ice beasts
  An orc warrior (D:7)
  3 sky beasts
  2 wolves (D:11)
  5 centaurs
  A phantom (D:3)
  3 bullfrogs
  4 scorpions
  16 wights
  3 killer bees (D:7)
  4 howler monkeys
  2 hounds
  A gnoll bouda (D:7)
  2 jellies
  12 orc priests
  Crazy Yiuf (D:3)
  3 iguanas (D:5)
  4 orc wizards
  12 mummies (Ossuary)
  5 gnolls (D:7)
  10 adders
  A river rat (D:6)
  3 white imps
  3 worms (D:2)
  A dart slug (D:4)
  46 orcs
  6 ball pythons
  6 endoplasms
  4 giant cockroaches
  4 goblins
  5 hobgoblins
  5 quokkas
  2 bats
  A frilled lizard (Sewer)
  2 gnoll skeletons (Ossuary)
  4 goblin skeletons (Ossuary)
  2 hobgoblin zombies (D:8)
  9 kobolds
  4 kobold skeletons
  3 kobold zombies (D:8)
  2 orc skeletons (D:8)
  An orc zombie (D:8)
  8 rats
  11 rat skeletons (Ossuary)
286 creatures vanquished.

Vanquished Creatures (others)
  A cyclops (D:12)
1 creature vanquished.

Grand Total: 287 creatures vanquished

Notes
Turn   | Place    | Note
-------+----------+-------------------------------------------
     0 | D:1      | Dirtsage the Demonspawn Berserker began the quest for the
                  | Orb.
     0 | D:1      | Reached XP level 1. HP: 18/18 MP: 1/1
   125 | D:1      | Reached skill level 3 in Axes
   154 | D:1      | Found Tedeif's Magic Scroll Shoppe.
   275 | D:1      | Gained mutation: You have a pair of small horns on your
                  | head. [demonic ancestry]
   275 | D:1      | Reached XP level 2. HP: 20/24 MP: 2/2
   838 | D:2      | Found a sparkling altar of Nemelex Xobeh.
   872 | D:2      | Reached XP level 3. HP: 20/29 MP: 3/3
  1014 | D:2      | Reached skill level 4 in Axes
  1086 | D:2      | Reached ** piety under Trog
  1087 | D:2      | Noticed Sigmund
  1100 | D:2      | Killed Sigmund
  1101 | D:2      | Reached skill level 5 in Axes
  1101 | D:2      | Reached XP level 4. HP: 34/35 MP: 4/4
  1101 | D:2      | Gained mutation: You are partially covered in icy blue
                  | scales. (AC +2) [demonic ancestry]
  1101 | D:2      | Reached XP level 5. HP: 39/41 MP: 5/5
  1443 | D:3      | Identified the +0 spear "Zuhet" {flame, rPois MP+9 SInv}
  1556 | D:3      | Found a snail-covered altar of Cheibriados.
  1781 | D:3      | Reached skill level 6 in Axes
  1781 | D:3      | Identified the staff "Bearphu" {rCorr Str+5 Dex-2 Conj
                  | Tmut}
  1849 | D:3      | Identified the +0 whip of No Interval {heavy, Int+4 Dex+2}
  2024 | D:3      | Noticed a phantom
  2029 | D:3      | Killed a phantom
  2030 | D:3      | Reached XP level 6. HP: 47/47 MP: 6/6
  2262 | D:3      | Found a runed translucent door.
  2263 | D:3      | Noticed Crazy Yiuf
  2269 | D:3      | Killed Crazy Yiuf
  2741 | D:4      | Found a sand-covered staircase.
  2747 | Ossuary  | Entered an ossuary
  2779 | Ossuary  | Reached skill level 7 in Axes
  3160 | Ossuary  | Reached XP level 7. HP: 38/52 MP: 7/7
  3240 | Ossuary  | Reached *** piety under Trog
  3523 | D:4      | Noticed Eustachio
  3537 | D:4      | Killed Eustachio
  3538 | D:4      | Reached skill level 8 in Axes
  3806 | D:4      | Noticed Grinder
  3807 | D:4      | Paralysed by Grinder for 2 turns
  3813 | D:4      | Paralysed by Grinder for 2 turns
  3828 | D:4      | Killed Grinder
  3829 | D:4      | Reached skill level 9 in Axes
  3829 | D:4      | Gained mutation: You are partially covered in sharp spines.
                  | [demonic ancestry]
  3829 | D:4      | Reached XP level 8. HP: 38/58 MP: 8/8
  3952 | D:4      | Found an iron altar of Okawaru.
  4464 | D:5      | Entered Level 5 of the Dungeon
  4522 | D:5      | Identified the +2 robe of the Forest {-Tele rPois SInv
                  | Archmagi}
  4588 | D:5      | Found an ornate altar of the Wu Jian Council.
  4611 | D:5      | Noticed Prince Ribbit
  4621 | D:5      | Killed Prince Ribbit
  4622 | D:5      | Reached skill level 10 in Axes
  5046 | D:5      | Found a shimmering altar of Xom.
  5170 | D:5      | Reached skill level 11 in Axes
  5427 | D:6      | Gained mutation: You are mostly covered in icy blue scales.
                  | (AC +3) [demonic ancestry]
  5427 | D:6      | Reached XP level 9. HP: 63/63 MP: 9/9
  5429 | D:6      | Found a staircase to the Ecumenical Temple.
  5497 | Temple   | Entered the Ecumenical Temple
  5680 | D:6      | Found Ceap's Antique Armour Shoppe.
  5688 | D:6      | Bought a heavily runed cloak for 247 gold pieces
  5688 | D:6      | Identified the +2 cloak of the Bells {Drain rElec Will+++
                  | Int-5} (You bought it in a shop on level 6 of the Dungeon)
  6008 | D:6      | Found a glowing drain.
  6016 | Sewer    | Entered a sewer
  6134 | Sewer    | Noticed Pargi
  6146 | Sewer    | Killed Pargi
  6643 | D:7      | Reached skill level 12 in Axes
  7166 | D:7      | Reached **** piety under Trog
  7465 | D:7      | Found a basalt altar of Yredelemnul.
  7524 | D:7      | Found a shadowy altar of Dithmenos.
  7590 | D:7      | Found a shimmering blue altar of Sif Muna.
  7681 | D:8      | Reached skill level 13 in Axes
  7687 | D:8      | Gained mutation: You are completely covered in icy blue
                  | scales. (AC +4, rC+) [demonic ancestry]
  7687 | D:8      | Reached XP level 10. HP: 63/70 MP: 10/10
  7849 | D:8      | Found a broken altar of Ashenzari.
  8469 | D:9      | Reached skill level 14 in Axes
  9087 | D:9      | Found a sparkling altar of Nemelex Xobeh.
  9087 | D:9      | Found an opulent altar of Gozag.
  9306 | D:9      | Found a hazy altar of Hepliaklqana.
  9325 | D:10     | Entered Level 10 of the Dungeon
  9625 | D:10     | Noticed Maurice
  9635 | D:10     | Maurice stole an amulet of guardian spirit
  9681 | D:10     | Killed Maurice
  9682 | D:10     | Reached skill level 15 in Axes
  9702 | D:10     | Found a blossoming altar of Fedhas.
  9703 | D:10     | Noticed Harold
  9764 | D:10     | Killed Harold
  9841 | D:10     | Found a stormy altar of Qazlal.
  9958 | D:10     | Gained mutation: You are mostly covered in sharp spines.
                  | [demonic ancestry]
  9958 | D:10     | Reached XP level 11. HP: 65/71 MP: 11/11
 10414 | D:11     | Noticed a two-headed ogre
 10424 | D:11     | Killed a two-headed ogre
 10545 | D:11     | Reached skill level 16 in Axes
 10572 | D:11     | Found a staircase to the Lair.
 10711 | D:11     | Noticed a two-headed ogre
 10717 | D:11     | Killed a two-headed ogre
 10818 | D:11     | Reached ***** piety under Trog
 11067 | D:11     | Reached skill level 17 in Axes
 11340 | D:12     | Noticed a deep elf pyromancer
 11340 | D:12     | Noticed a cyan ugly thing
 11340 | D:12     | Noticed a centaur warrior
 11340 | D:12     | Noticed a boulder beetle
 11340 | D:12     | Noticed a boulder beetle
 11342 | D:12     | Noticed a centaur warrior
 11356 | D:12     | Killed a centaur warrior
 11357 | D:12     | Noticed a two-headed ogre
 11363 | D:12     | Killed a cyan ugly thing
 11368 | D:12     | Killed a centaur warrior
 11375 | D:12     | Killed a boulder beetle
 11471 | D:12     | Noticed a green ugly thing
 11484 | D:12     | Killed a green ugly thing
 11485 | D:12     | Gained mutation: You have a pair of horns on your head.
                  | [demonic ancestry]
 11485 | D:12     | Reached XP level 12. HP: 81/81 MP: 12/12
 11578 | D:12     | Reached skill level 18 in Axes
 11585 | D:12     | Mangled by a skeletal warrior

Illustrated notes

Levels and vault maps discovered:
D:1:      dpeg_arrival_rooms_b, layout_loops_ring, serial_aquarium,
          aquarium_bridge_straight [aquarium_subvault_bridge,
          aquarium_subvault_wall, aquarium_subvault_bridge,
          aquarium_subvault_window], aquarium_bridge_square
          [aquarium_subvault_wall, aquarium_subvault_bridge,
          aquarium_subvault_window, aquarium_subvault_wall],
          aquarium_window_fake, aquarium_window_fake,
          aquarium_window_corridor_1, aquarium_view_2b, aquarium_view_2c,
          serial_shops, shop, minmay_pentomino_v4
D:2:      layout_rooms, basic_altar, chequers_serial_rivers_room_a, uniq_sigmund
D:3:      layout_loops_corners, lemuel_coloured_pillars_altar,
          uniq_crazy_yiuf_cottage
D:4:      layout_basic, okawaru_gym_becter, nicolae_ossuary_entry_plus,
          kennysheep_generic_room_9, uniq_eustachio, uniq_grinder
D:5:      layout_cave_pools, nzn_wu_jian_contemplation,
          mainiacjoe_overflow_six_doors_small, uniq_prince_ribbit1
D:6:      layout_layer_cave, minmay_temple_entry_offerings,
          gup_sewer_entry_bubbles, serial_shops, nicolae_shop_gibbet_a_chance
D:7:      layout_loops_ring, led_sif_pool, minmay_overflow_temple_star_quad
D:8:      layout_basic, ashenzari_altar_1, nicolae_tso_besieged_by_evil
D:9:      layout_gridville, grunt_temple_overflow_opulence,
          worldfamousw_hep_ancestral_shrine, eino_tiny_chamber,
          nicolae_figureground_sparkle
D:10:     layout_roguey, mainiacjoe_overflow_brackets, old_standard_altar,
          serial_bayou_pond_d, uniq_maurice, uniq_harold
D:11:     layout_cave_pods, hellmonk_lair_entry_icy, serial_column_ruins,
          column_ruins_hut_pillars, column_ruins_grid_3,
          column_ruins_columns_corner, column_ruins_grid_1,
          column_ruins_corridor_dead_end
D:12:     minmay_ambush_box, layout_irregular_city, david_orc_3
Temple:   nicolae_temple_bog_church

Skill      XL: |  1  2  3  4  5  6  7  8  9 10 11 12 |
---------------+-------------------------------------+-----
Axes           | 3 5 6 7 9 11 13 15 17 18 | 18.0
Fighting       | |  3.0
Armour         | |  1.8
Dodging        | |  1.8
Shields        | |  0.4

Action                     |  1- 3 |  4- 6 |  7- 9 | 10-12 || total
---------------------------+-------+-------+-------+-------++-------
  Melee: Hand axe          |    86 |   156 |   381 |   227 ||   850
         Headbutt          |     9 |    30 |    74 |    92 ||   205
         Punch             |       |     2 |    12 |     4 ||    18
         War axe           |       |       |       |   175 ||   175
 Invoke: Berserk           |     1 |     2 |    10 |    12 ||    25
         Trog's Hand       |     1 |       |       |       ||     1
    Use: Scroll            |       |       |     9 |     2 ||    11
         Potion            |       |       |       |     1 ||     1
   Stab: Sleeping          |     1 |       |     3 |       ||     4
         Invisible         |       |       |       |    12 ||    12
 Armour: Animal skin       |    18 |       |       |       ||    18
         Chain mail        |    27 |    86 |    60 |       ||   173
         Robe              |       |       |    67 |       ||    67
         Troll leather arm |       |       |    64 |   238 ||   302
  Dodge: Dodged            |    49 |    28 |   122 |   116 ||   315
  Block: Other             |       |       |    47 |    63 ||   110
         Reflection        |       |       |     1 |     1 ||     2

Table legend: (Time is in decaauts)
 A = Elapsed time spent in this place.
 B = Non-inter-level travel time spent in this place.
 C = Inter-level travel time spent in this place.
 D = Time resting spent in this place.
 E = Time spent auto-exploring this place.
 F = Levels seen in this place.
 G = Mean time per level.
                   A        B        C        D        E       F      G
               +--------+--------+--------+--------+--------+-----+--------+
         Total |  11583 |  10928 |    655 |   1026 |   8072 |  15 |  772.2 |
       Dungeon |  10674 |  10019 |    655 |   1025 |   7424 |  12 |  889.5 |
        Temple |      1 |      1 |      0 |      0 |      0 |   1 |    1.0 |
         Sewer |    166 |    166 |      0 |      1 |     95 |   1 |  166.0 |
       Ossuary |    741 |    741 |      0 |      0 |    553 |   1 |  741.0 |
               +--------+--------+--------+--------+--------+-----+--------+

Top non-repeatable levels by time:
     D:4: 1312 daAuts
     D:3: 1114 daAuts
     D:6: 1083 daAuts
    D:10: 1074 daAuts
     D:7: 1017 daAuts
     D:5: 949 daAuts
    D:11: 919 daAuts
     D:9: 839 daAuts
     D:1: 808 daAuts
     D:8: 786 daAuts
 Ossuary: 741 daAuts
     D:2: 529 daAuts
    D:12: 239 daAuts
   Sewer: 166 daAuts
  Temple: 1 daAuts
